 Dungeon Sprint DCSS version 0.30-a0-672-gc3a7216ad8 (webtiles) character file.

Game seed: 7249400360006891491

63 rocky1 the Cleaver (level 8, -4/68 HPs)
             Began as a Demonspawn Gladiator on Jan 19, 2023.
             Was a High Priest of Cheibriados.
             Slain by the 26-headed Lernaean hydra (15 damage)
             ... in the Dungeon (Sprint VI: "Thunderdome").
             The game lasted 00:08:01 (461 turns).

rocky1 the Cleaver (Demonspawn Gladiator)            Turns: 461, Time: 00:08:02

Health: -4/68      AC:  6    Str: 34    XL:     8   Next: 51%
Magic:  0/15       EV: 29    Int: 19    God:    Cheibriados [*****.]
Gold:   70         SH:  0    Dex: 43    Spells: 7/7 levels left

rFire   x . .      SeeInvis .    a - +0 war axe (drain)
rCold   + + +      Faith    .    (no shield)
rNeg    . . .      Spirit   +    b - +0 leather armour
rPois   +          Reflect  .    c - +0 helmet
rElec   .          Harm     .    (no cloak)
rCorr   .          Rampage  .    (no gloves)
Will    .....      NoTele   +    (no boots)
Stlth   +++                      j - amulet "Culab" {Spirit Str+4 Dex+4}
HPRegen 0.31/turn                p - ring "Bes Gyho" {rF- EV+5 Str+3 Dex+7 Slay+5}
MPRegen 0.14/turn                q - ring "Vumuxyt" {rPois rC+++ Int-5 Dex+6}

@: very slow
A: claws 1, icy blue scales 1, ignite blood 1, spiny 2
a: Renounce Religion, Bend Time, Temporal Distortion, Slouch, Step From Time


You were in the Dungeon.
You worshipped Cheibriados.
Cheibriados was extremely pleased with you.
You visited 1 branch You collected 300 gold pieces.
You spent 230 gold pieces at shops.

Inventory:

Hand Weapons
 a - a +0 war axe of draining (weapon)
Missiles
 d - 3 throwing nets (quivered)
 e - a javelin
Armour
 b - a +0 leather armour (worn)
 c - a +0 helmet (worn)
Jewellery
 j - the amulet "Culab" (around neck) {Spirit Str+4 Dex+4}
   (You bought it in a shop in the Dungeon)

   [amulet of guardian spirit]

   It causes incoming damage to be divided between your reserves of health and
   magic.
   Str:       It affects your strength (+4).
   Dex:       It affects your dexterity (+4).
 p - the ring "Bes Gyho" (left claw) {rF- EV+5 Str+3 Dex+7 Slay+5}
   (You bought it in a shop in the Dungeon)

   [ring of evasion]

   EV:        It affects your evasion (+5).
   Str:       It affects your strength (+3).
   Dex:       It affects your dexterity (+7).
   Slay:      It affects your accuracy & damage with ranged weapons and melee
   (+5).
   rF:        It makes you vulnerable to fire.
 q - the ring "Vumuxyt" (right claw) {rPois rC+++ Int-5 Dex+6}
   (You bought it in a shop in the Dungeon)

   [ring of dexterity]

   Int:       It affects your intelligence (-5).
   Dex:       It affects your dexterity (+6).
   rC:        It renders you almost immune to cold.
   rPois:     It protects you from poison.
Wands
 l - a wand of acid (5)
 m - a wand of roots (5)
Scrolls
 n - 3 scrolls of fog
Potions
 f - a potion of curing
 g - 2 potions of heal wounds
 h - 4 potions of haste
 o - a potion of resistance


   Skills:
 + Level 8.2 Fighting
 * Level 10.6 Axes
 - Level 1.7 Throwing
 + Level 7.7 Dodging
 + Level 10.1 Invocations
 + Level 7.5 Evocations


You had 7 spell levels left.
You didn't know any spells.
Your spell library was empty.

Dungeon Overview and Level Annotations

Branches:
Dungeon (1/1)

Altars:
Cheibriados
Dithmenos
Fedhas
Gozag
Kikubaaqudgha
Makhleb
Okawaru
Qazlal
Ru
Sif Muna
Trog
Uskayaw
Vehumet
Wu Jian
Xom
Yredelemnul
Lugonu

Shops:
D *[??*?*:[((!!!!

Annotations:
D Lernaean hydra


Innate Abilities, Weirdness & Mutations

You have sharp fingernails.
You are partially covered in icy blue scales. (AC +2)
Your demonic aura sometimes causes spilled blood to erupt in flames.
You are mostly covered in sharp spines.


Message History

As you read the scroll of blinking, it crumbles to dust.
The tyrant leech moves out of view.
Magic courses through your body.
Activating: Slouch (1% risk of failure)
Press: ? - help, Dir - look around, f - activate You can feel time thicken for a moment.
Cheibriados lowers the support of your attributes as your movement quickens.
Activating: Slouch (1% risk of failure)
Press: ? - help, Dir - look around, f - activate You can feel time thicken for a moment.
Cheibriados lowers the support of your attributes as your movement quickens.
Unknown command.
Activating: Slouch (1% risk of failure)
Press: ? - help, Dir - look around, f - activate You can feel time thicken for a moment.
Cheibriados lowers the support of your attributes as your movement quickens.
You feel much better.
You slice one of the 27-headed Lernaean hydra's heads off!
You slash the 26-headed Lernaean hydra!
The 26-headed Lernaean hydra is almost dead.
The 26-headed Lernaean hydra is struck by your spines.
The 26-headed Lernaean hydra bites you but does no damage.
The 26-headed Lernaean hydra misses you.
The 26-headed Lernaean hydra bites you! The 26-headed Lernaean hydra bites you.
The 26-headed Lernaean hydra completely misses you.
The 26-headed Lernaean hydra bites you. The 26-headed Lernaean hydra bites you!
The 26-headed Lernaean hydra bites you.
The 26-headed Lernaean hydra bites you but does no damage.
The 26-headed Lernaean hydra closely misses you.
The 26-headed Lernaean hydra misses you.
The 26-headed Lernaean hydra closely misses you.
The 26-headed Lernaean hydra bites you but does no damage.
The 26-headed Lernaean hydra bites you. The 26-headed Lernaean hydra bites you!
* * * LOW HITPOINT WARNING * * *
The 26-headed Lernaean hydra misses you.
The 26-headed Lernaean hydra completely misses you.
The 26-headed Lernaean hydra bites you.
* * * LOW HITPOINT WARNING * * *
The 26-headed Lernaean hydra bites you!
You die...

##.....## ##∩.....∩##
#∩.......∩# #_......._#
#_......._# #_......._#
###.........###
#⌠........D.○⌠#
######.8........@8.######
#.___......###.○....__.∩##
∩........8.# #.8....w...∩###
..†........###.............##
........###...###..........⌠#
.....†..# #.<.# #..........⌠#
........###...###..........⌠#
...........###.............##
∩........8.# #.8.†......∩###


You could see the 26-headed Lernaean hydra and a tyrant leech.

Vanquished Creatures
  A bunyip (D)
  A tyrant leech (D)
  4 wolves (D)
  5 vampire bats (D)
  5 adders (D)
  A river rat (D)
  2 jackals (D)
  A quokka (D)
  2 rats (D)
22 creatures vanquished.

Notes
Turn   | Place    | Note
-------+----------+-------------------------------------------
     0 | D        | rocky1 the Demonspawn Gladiator began the quest for the
                  | Orb.
     0 | D        | Reached XP level 1. HP: 16/16 MP: 1/1
     1 | D        | Found a corrupted altar of Lugonu.
     1 | D        | Found a snail-covered altar of Cheibriados.
     2 | D        | Found a shimmering blue altar of Sif Muna.
     2 | D        | Found a shimmering altar of Xom.
     3 | D        | Found an opulent altar of Gozag.
     4 | D        | Found a hide-covered altar of Uskayaw.
     4 | D        | Found a sacrificial altar of Ru.
     4 | D        | Found Bimp's Magic Scroll Shop.
     4 | D        | Found Ogoduocuff's Staff Store.
     5 | D        | Found Tivitri's Magic Scroll Shop.
     5 | D        | Found Cupumaj's Must-Have Magic.
     5 | D        | Round 1.
     9 | D        | Became a worshipper of Cheibriados the Contemplative
    29 | D        | Found a shadowy altar of Dithmenos.
    33 | D        | Found Quol's Distillery.
    35 | D        | Found Uley's Distillery.
    35 | D        | Found Tofuick's Bottled Wisdom.
    42 | D        | Found Runwacw's Do-It-Yourself Clinic.
    42 | D        | Found an ornate altar of the Wu Jian Council.
    42 | D        | Found a stormy altar of Qazlal.
    50 | D        | Reached skill level 1 in Invocations
    50 | D        | Reached skill level 1 in Evocations
    50 | D        | Gained mutation: You are partially covered in sharp spines.
                  | [demonic ancestry]
    50 | D        | Reached XP level 2. HP: 23/23 MP: 1/3
    56 | D        | Reached * piety under Cheibriados
    75 | D        | Found a bloodstained altar of Trog.
    77 | D        | Found a blossoming altar of Fedhas.
    81 | D        | Found an ancient bone altar of Kikubaaqudgha.
    82 | D        | Found Deimneli's Weapon Rack.
    83 | D        | Found Gyxom's Basic Armour.
    83 | D        | Found Peroin's Miscellaneous Merchandise.
    85 | D        | Found a basalt altar of Yredelemnul.
    85 | D        | Found a burning altar of Makhleb.
    85 | D        | Found Qyfax's Premium Goods.
    91 | D        | Arena points: 5 (+5) [x1]
    93 | D        | Found an iron altar of Okawaru.
   102 | D        | Round 2.
   130 | D        | Found Jeytan's Identification Station.
   131 | D        | Found Yrchapiw's Advanced Armour.
   131 | D        | Found Terphios's Jewellery.
   131 | D        | Found a radiant altar of Vehumet.
   135 | D        | Reached ** piety under Cheibriados
   157 | D        | Bought a coiled bone amulet for 45 gold pieces
   157 | D        | Identified the amulet "Culab" {Spirit Str+4 Dex+4} (You
                  | bought it in a shop in the Dungeon)
   157 | D        | Bought a faintly glowing bronze ring for 45 gold pieces
   157 | D        | Identified the ring "Bes Gyho" {rF- EV+5 Str+3 Dex+7
                  | Slay+5} (You bought it in a shop in the Dungeon)
   157 | D        | Bought a clouded lapis lazuli ring for 45 gold pieces
   157 | D        | Identified the ring "Vumuxyt" {rPois rC+++ Int-5 Dex+6}
                  | (You bought it in a shop in the Dungeon)
   189 | D        | Gained mutation: You are partially covered in icy blue
                  | scales. (AC +2) [demonic ancestry]
   189 | D        | Reached XP level 3. HP: 26/29 MP: 2/5
   193 | D        | Noticed a water moccasin
   194 | D        | Reached *** piety under Cheibriados
   196 | D        | Reached **** piety under Cheibriados
   232 | D        | Arena points: 17 (+12) [x1]
   241 | D        | Round 3.
   255 | D        | Reached skill level 5 in Axes
   255 | D        | Reached XP level 4. HP: 37/37 MP: 5/7
   265 | D        | Reached skill level 5 in Invocations
   270 | D        | Reached ***** piety under Cheibriados
   271 | D        | Gained mutation: You are mostly covered in sharp spines.
                  | [demonic ancestry]
   271 | D        | Reached XP level 5. HP: 43/43 MP: 6/9
   300 | D        | Reached skill level 5 in Fighting
   300 | D        | Reached skill level 5 in Dodging
   315 | D        | Arena points: 35 (+18) [x1]
   323 | D        | Round 4.
   342 | D        | Noticed a wolf
   353 | D        | Noticed a wolf
   355 | D        | Noticed a wolf
   358 | D        | Killed a wolf
   358 | D        | Reached ****** piety under Cheibriados
   359 | D        | Reached skill level 5 in Evocations
   359 | D        | Gained mutation: You have sharp fingernails. [demonic
                  | ancestry]
   359 | D        | Reached XP level 6. HP: 52/52 MP: 9/11
   375 | D        | Reached XP level 7. HP: 59/59 MP: 11/13
   397 | D        | Arena points: 63 (+28) [x1]
   405 | D        | Round 5.
   408 | D        | Noticed a bunyip
   421 | D        | Killed a bunyip
   422 | D        | Reached skill level 10 in Axes
   422 | D        | Gained mutation: Your demonic aura sometimes causes spilled
                  | blood to erupt in flames. [demonic ancestry]
   422 | D        | Reached XP level 8. HP: 43/68 MP: 8/15
   433 | D        | Noticed a tyrant leech
   434 | D        | Noticed the 27-headed Lernaean hydra
   435 | D        | Noticed an alligator
   442 | D        | Killed a tyrant leech
   443 | D        | Reached skill level 10 in Invocations
   450 | D        | HP: 3/68 [the 27-headed Lernaean hydra (6)]
   452 | D        | Bought a scroll of brand weapon for 95 gold pieces
   455 | D        | Noticed a tyrant leech
   455 | D        | Noticed a swamp dragon
   461 | D        | Slain by the 26-headed Lernaean hydra

Illustrated notes

Levels and vault maps discovered:
D:        arena_sprint

Skill      XL: |  1  2  3  4  5  6  7  8 |
---------------+-------------------------+-----
Axes           | 3 4 5 6 7 8 10 | 10.6
Dodging        | 3 4 5 6 7 |  7.7
Invocations    | 1 2 4 5 7 8 9 10 | 10.1
Evocations     | 1 2 3 4 5 6 7 |  7.5
Fighting       | 3 4 5 6 7 8 |  8.2
Throwing       | |  1.7

Action                   |  1- 3 |  4- 6 |  7- 9 || total
-------------------------+-------+-------+-------++-------
Melee: War axe           |    25 |    16 |    17 ||    58
       Punch             |       |     1 |       ||     1
Invok: Slouch            |       |       |     6 ||     6
  Use: Potion            |     1 |       |     4 ||     5
       Scroll            |       |       |     5 ||     5
 Stab: Distracted        |     1 |     1 |       ||     2
Armor: Leather armour    |     3 |     2 |    13 ||    18
Dodge: Dodged            |    25 |    26 |    29 ||    80

Table legend: (Time is in decaauts)
 A = Elapsed time spent in this place.
 B = Non-inter-level travel time spent in this place.
 C = Inter-level travel time spent in this place.
 D = Time resting spent in this place.
 E = Time spent auto-exploring this place.
 F = Levels seen in this place.
 G = Mean time per level.
                   A        B        C        D        E       F      G
               +--------+--------+--------+--------+--------+-----+--------+
         Total |    727 |    727 |      0 |     10 |      0 |   1 |  727.0 |
       Dungeon |    727 |    727 |      0 |     10 |      0 |   1 |  727.0 |
               +--------+--------+--------+--------+--------+-----+--------+

Top non-repeatable levels by time:
       D: 727 daAuts
